 Dungeon Crawl Stone Soup version 0.30-a0-360-g447f08457e (webtiles) character file.

Game seed: 14937286242518575508

367 kingsuperguy the Insei (level 6, -10/47 HPs)
             Began as a Draconian Transmuter on Nov 14, 2022.
             Was an Initiate of Qazlal.
             Mangled by Menkaure (19 damage)
             ... on level 4 of the Dungeon.
             The game lasted 00:10:53 (3479 turns).

kingsuperguy the Insei (Draconian Transmuter)       Turns: 3479, Time: 00:10:55

Health: -10/47     AC:  7    Str: 12    XL:     6   Next: 41%
Magic:  8/10       EV: 12    Int: 15    God:    Qazlal [......]
Gold:   93         SH:  0    Dex: 12    Spells: 8/11 levels left

rFire   . . .      SeeInvis .    u - +3 scythe (freeze)
rCold   . . .      Faith    .    (shield currently unavailable)
rNeg    . . .      Spirit   .    (body armour unavailable)
rPois   .          Reflect  .    (helmet currently unavailable)
rElec   .          Harm     .    (no cloak)
rCorr   .          Rampage  .    f - +0 pair of gloves
Will    .....                    (boots currently unavailable)
Stlth   +.........               (no amulet)
HPRegen 0.27/turn                (no ring)
MPRegen 0.12/turn                (no ring)

@: appendages (expiring), wereblooded
A: horns 2, talons 2, AC +6, unfitting armour, cold-blooded
a: End Transformation, Renounce Religion


You were on level 4 of the Dungeon.
You worshipped Qazlal.
Qazlal was noncommittal.
You had temporarily grown beastly horns and talons.
You visited 1 branch of the dungeon, and saw 4 of its levels.

You collected 93 gold pieces.

Inventory:

Hand Weapons
 b - a +0 dagger
 u - a +3 scythe of freezing (weapon)
Missiles
 h - 54 stones
 p - 2 poisoned darts
Armour
 f - a +0 pair of gloves (worn)
 g - a +0 leather armour
Magical Staves
 l - a staff of death
Jewellery
 n - an amulet of the acrobat
Scrolls
 d - a scroll of identify {unknown}
 e - 2 scrolls of teleportation {unknown}
 m - a scroll of brand weapon {unknown}
 o - a scroll of silence {unknown}
 q - a scroll of amnesia {unknown}
 r - a scroll of noise {unknown}
 w - a scroll of torment {unknown}
Potions
 a - 2 potions of lignification
 c - 2 potions of flight {unknown}
 i - a potion of curing {unknown}
 j - a potion of brilliance {unknown}
 k - a potion of degeneration {unknown}
 s - 2 potions of attraction {unknown}
 t - 2 potions of heal wounds {unknown}
 v - a potion of invisibility {unknown}


   Skills:
 + Level 1.5 Fighting
 + Level 0.2 Polearms
 + Level 3.1 Dodging
 + Level 0.8 Stealth
 + Level 5.0 Unarmed Combat
 + Level 3.2 Spellcasting
 + Level 3.2 Transmutations


You had 8 spell levels left.
You knew the following spells:

 Your Spells              Type           Power      Damage    Failure   Level
a - Beastly Appendage     Tmut           24%        N/A       5%          1
b - Wereblood             Tmut           12%        N/A       8%          2

Your spell library contained the following spells:

 Spells                   Type           Power      Damage    Failure   Level
 Spider Form              Tmut/Pois      7%         N/A       30%         3
 Call Canine Familiar     Summ           2%         N/A       52%         3
 Portal Projectile        Hex/Tloc       4%         N/A       52%         3
 Ice Form                 Ice/Tmut       7%         N/A       69%         4
 Leda's Liquefaction      Hex/Erth       1%         N/A       89%         4


Dungeon Overview and Level Annotations

Branches:
Dungeon (4/15)
 Temple: D:4-7

Altars:
Elyvilon
Qazlal
Xom
Zin
The Shining One

Shops:
D:2 (   D:3 (

Annotations:
D:3 Grinder
D:4 Menkaure


Innate Abilities, Weirdness & Mutations

You have temporarily grown beastly horns and talons.
Your plain brown scales are hard. (AC +6)
You cannot fit into any form of body armour.
You are cold-blooded and may be slowed by cold attacks.


Message History

You now have 93 gold pieces (gained 3).
w - a scroll labelled WIAPPO PASAT
h - 54 stones (gained 4)
You open the door.
Found a shimmering altar of Xom.
Found a cloak.
There is an open door here.
There is a shimmering altar of Xom here.
There is an open door here.
You see here a +0 cloak.
Menkaure, Prince of Dust comes into view.
Menkaure is nearby!
Casting: Beastly Appendage (safe; 5% risk of failure)
Confirm with . or Enter, or press ? or * to list all spells.
You grow a pair of large bovine horns.
Your feet morph into talons.
Casting: Beastly Appendage (safe; 5% risk of failure)
Confirm with . or Enter, or press ? or * to list all spells.
Your blood is infused with primal strength.
Menkaure shouts!
Menkaure hits you!
You slash Menkaure! You freeze Menkaure.
You tail-slap Menkaure, but do no damage.
Menkaure is heavily damaged.
Menkaure barely misses you.
You hit Menkaure. You freeze Menkaure. You tail-slap Menkaure.
Menkaure is severely damaged.
Menkaure mumbles some strange words.
Menkaure seems to speed up.
You barely miss Menkaure. You claw Menkaure.
Menkaure is severely damaged.
Menkaure hits you!
Menkaure calls on the powers of darkness!
Your body is wracked with pain!
You hit Menkaure. Your kick misses Menkaure.
Menkaure is almost destroyed.
Your transformation is almost over.
Menkaure hits you!
* * * LOW HITPOINT WARNING * * *
Menkaure hits you!!
You die...

####### ###.....#
#.#####.......#
#.....M@#..#..# #..
..##.###.##.##.# ..####
#.##.##.##.8.# .## .....#
###.##.#.####.####.### ......
...##...#.#.###.#...# #.##.#
##.###.#.8.###.⌠.#..# #.##.#
#..>##..#.###.#.#)).##
#.##.####........###.###..)..#
................###.⌠.###.##.#


You could see Menkaure (fast).

Vanquished Creatures
  Sigmund (D:3)
  A scorpion (D:4)
  Jessica (D:2)
  An orc wizard (D:2)
  4 adders
  A worm (D:3)
  A dart slug (D:2)
  7 orcs
  2 ball pythons
  7 endoplasms
  A giant cockroach (D:2)
  6 goblins
  2 hobgoblins
  8 kobolds
  A quokka (D:1)
  8 bats
  A frilled lizard (D:1)
  3 rats
56 creatures vanquished.

Notes
Turn   | Place    | Note
-------+----------+-------------------------------------------
     0 | D:1      | kingsuperguy the Draconian Transmuter began the quest for
                  | the Orb.
     0 | D:1      | Reached XP level 1. HP: 16/16 MP: 3/3
   218 | D:1      | Reached XP level 2. HP: 23/23 MP: 5/5
   476 | D:1      | Learned a level 2 spell: Wereblood
  1234 | D:2      | Reached XP level 3. HP: 23/28 MP: 6/6
  1301 | D:2      | Reached skill level 4 in Unarmed Combat
  1390 | D:2      | Reached XP level 4. HP: 35/35 MP: 5/7
  1390 | D:2      | Noticed Jessica
  1397 | D:2      | Killed Jessica
  1817 | D:2      | Found Iqyzi's Antique Weapon Shop.
  2008 | D:3      | Found Pubbasaa's Antique Weapon Emporium.
  2008 | D:3      | Found a stormy altar of Qazlal.
  2088 | D:3      | Noticed Sigmund
  2411 | D:3      | Killed Sigmund
  2412 | D:3      | Reached XP level 5. HP: 28/40 MP: 4/9
  2412 | D:3      | Reached XP level 6. HP: 33/47 MP: 4/10
  2503 | D:3      | Became a worshipper of Qazlal Stormbringer
  2524 | D:3      | Found a white marble altar of Elyvilon.
  2524 | D:3      | Found a glowing golden altar of the Shining One.
  2524 | D:3      | Found a glowing silver altar of Zin.
  2667 | D:3      | Noticed Grinder
  2674 | D:3      | Paralysed by Grinder for 4 turns
  2699 | D:4      | Reached skill level 5 in Unarmed Combat
  3393 | D:4      | Found a shimmering altar of Xom.
  3468 | D:4      | Noticed Menkaure
  3479 | D:4      | Mangled by Menkaure

Illustrated notes

Levels and vault maps discovered:
D:1:      amcnicky_arrival_flooded_fountain, layout_basic,
          hangedman_glass_teeth, dk_noncrumbling_2, st_stairs_14,
          minmay_misc_feat_four_crosses
D:2:      layout_loops_ring, serial_shops, shop, minmay_misc_feat_rugged,
          uniq_jessica
D:3:      layout_basic, dreamdust_divine_triumvirate,
          nicolae_qazlal_scattered_showers, serial_shops, shop, uniq_sigmund,
          uniq_grinder
D:4:      layout_loops_ring, kennysheep_mini_moat, grunt_decor_mini_mirrors,
          uniq_menkaure

Skill      XL: |  1  2  3  4  5  6 |
---------------+-------------------+-----
Dodging        | 2 3 |  3.1
Unarmed Combat | 4 5 |  5.0
Spellcasting   | 3 |  3.2
Transmutations | 3 |  3.2
Fighting       | |  1.5
Polearms       | |  0.2
Stealth        | |  0.8

Action                   |  1- 3 |  4- 6 || total
-------------------------+-------+-------++-------
Melee: Unarmed           |    97 |    43 ||   140
       Punch             |     4 |     1 ||     5
       Tailslap          |     8 |     9 ||    17
       Kick              |     4 |     7 ||    11
       Headbutt          |     4 |     4 ||     8
       Halberd           |       |    40 ||    40
 Cast: Beastly Appendage |     8 |    13 ||    21
       Wereblood         |       |    10 ||    10
 Stab: Sleeping          |       |     1 ||     1
Armor: Skin              |    26 |    76 ||   102
Dodge: Dodged            |    65 |   117 ||   182

Table legend: (Time is in decaauts)
 A = Elapsed time spent in this place.
 B = Non-inter-level travel time spent in this place.
 C = Inter-level travel time spent in this place.
 D = Time resting spent in this place.
 E = Time spent auto-exploring this place.
 F = Levels seen in this place.
 G = Mean time per level.
                   A        B        C        D        E       F      G
               +--------+--------+--------+--------+--------+-----+--------+
         Total |   3496 |   3349 |    147 |    579 |   1582 |   4 |  874.0 |
       Dungeon |   3496 |   3349 |    147 |    579 |   1582 |   4 |  874.0 |
               +--------+--------+--------+--------+--------+-----+--------+

Top non-repeatable levels by time:
     D:2: 1191 daAuts
     D:1: 1046 daAuts
     D:4: 803 daAuts
     D:3: 455 daAuts
